 Dungeon Crawl Stone Soup version 0.22.0-40-g68aacdc (webtiles) character file.

108 Folque the Caller (level 4, -5/19 HPs)
             Began as a Felid Summoner on Sept 1, 2018.
             Killed by divine providence
             ... invoked by an orc priest
              (14 damage)
             ... on level 3 of the Dungeon.
             The game lasted 00:12:02 (2924 turns).

Folque the Caller (Felid Summoner)                  Turns: 2924, Time: 00:12:03

Health: -5/19      AC:  1    Str:  4    XL:     4   Next: 58%
Magic:  4/9        EV: 18    Int: 17    God:
Gold:   160        SH:  0    Dex: 16    Spells: 2/9 levels left
                                        Lives:  0   Deaths: 1

rFire    . . .     SeeInvis +   (weapon unavailable)
rCold    . . .     Gourm    .   (shield unavailable)
rNeg     . . .     Faith    .   (armour unavailable)
rPois    .         Spirit   .   (helmet unavailable)
rElec    .         Reflect  .   (cloak unavailable)
rCorr    .         Harm     .   (gloves unavailable)
MR       .....                  (boots unavailable)
Stlth    +++.......             (no amulet)
HPRegen  0.06/turn              (no ring)
MPRegen  0.11/turn              (no ring)

@: quick
A: very small, no armour, no weapons or thrown items, stealth, claws 1, fangs 3,
see invisible, carnivore, speed 1, shaggy fur 1, slow metabolism 1, sharp paws
a: no special abilities


You were on level 3 of the Dungeon.
You were completely stuffed.

You visited 1 branch of the dungeon, and saw 3 of its levels.

You collected 160 gold pieces.

Inventory:

Scrolls
 d - 2 scrolls of identify
 h - 2 scrolls of remove curse {unknown}
 k - a scroll of magic mapping {unknown}
 l - a scroll of teleportation {unknown}
 m - a scroll of fear {unknown}
Potions
 a - 2 potions of lignification {unknown}
 c - 4 potions of haste {unknown}
 e - a potion of brilliance {unknown}
 f - 4 potions of curing
 g - a potion of flight {unknown}
 j - a potion of berserk rage {unknown}
Comestibles
 b - 7 rations
 i - 5 chunks of flesh


   Skills:
 - Level 1.0 Fighting
 - Level 2.6 Dodging
 - Level 2.6 Stealth
 - Level 3.0 Spellcasting
 + Level 5.5 Summonings
 * Level 1.5 Ice Magic


You had 2 spell levels left.
You knew the following spells:

 Your Spells              Type           Power        Failure   Level  Hunger
a - Summon Small Mammal   Summ           ###.         1%          1    None
b - Call Imp              Summ           ###.....     2%          2    ##.....
c - Summon Ice Beast      Ice/Summ       ##......     38%         4    ####...

Your spell library contained the following spells:

 Spells                   Type           Power        Failure   Level  Hunger
 Call Canine Familiar     Summ           ###.....     5%          3    ###....
 Summon Guardian Golem    Hex/Summ       ##......     17%         3    ###....
 Summon Lightning Spire   Summ/Air       ##......     50%         4    ####...


Dungeon Overview and Level Annotations

Branches:
Dungeon (3/15)

Altars:
Wu Jian


Innate Abilities, Weirdness & Mutations

You cannot wear armour.
You are incapable of wielding weapons or throwing items.
Your paws allow you to move quietly. (Stealth)
You have sharp claws.
You have razor-sharp teeth.
You have supernaturally acute eyesight. (SInv)
You are carnivorous and can eat meat at any time.
You cover ground quickly.
You are covered in fur. (AC +1)
You have a slow metabolism.
Your sharp claws are effective at attacking unaware monsters.


Message History

Aim: an orc priest, wearing a leather armour Attack!
Your white imp barely misses the orc priest.
The orc hits your white imp but does no damage.
The orc priest barely misses your white imp.
Casting: Call Imp (safe; 2% risk of failure)
Confirm with . or Enter, or press ? or * to list all spells.
A shadowy apparition takes form in the air.
Your white imp barely misses the orc priest.
The orc hits your white imp but does no damage.
The orc priest closely misses your white imp.
Your white imp hits the orc priest.
Your white imp freezes the orc priest.
The orc hits your white imp but does no damage.
The orc priest miscasts a cantrip.
Your white imp closely misses the orc priest.
The orc hits your white imp but does no damage.
The orc priest invokes the aid of Beogh against you.
Beogh smites you!
Ouch! That really hurt!
You die...

#...##.#.#......................
##...##.#.....)..................
#...................##.#.###..##.
##...............#..##.#......##.
.................#..##...........
###.....#........#..# .#####..#..
#.##.##........# .# .......
#.##.##.o.###..#..# ##..#..
#.......o5....@...##.#####..#..
#.##.###..###5............<....
#.o.......# #.#..#######.#.....
.....###..# #.#..# #.#.##..
...##### #... #.....######.#.##..
... '....................... ...
##...##.#...######.#.##.# ...
#..........# #o...... #).....#


You could see an orc priest, an orc, a friendly white imp and a friendly shadow
imp.

Vanquished Creatures
  A gnoll (D:2)
  A leopard gecko (D:3)
  4 bats
  3 hobgoblins
  7 kobolds
  A ball python (D:1)
  2 frilled lizards
  7 goblins
  5 rats
31 creatures vanquished.

Vanquished Creatures (collateral kills)
  An orc wizard (D:3)
  Jessica (D:2)
  Terence (D:2)
  Natasha (thrice) (D:2)
  An adder (D:2)
  2 gnolls (D:2)
  An ooze (D:1)
  A worm (D:2)
  2 dart slugs (D:1)
  A leopard gecko (D:1)
  8 orcs
  2 bats
  A giant cockroach (D:2)
  2 goblins
  A hobgoblin (D:3)
  4 jackals (D:3)
  A kobold (D:2)
  A quokka (D:3)
  2 frilled lizards (D:2)
36 creatures vanquished.

Grand Total: 67 creatures vanquished

Notes
Turn   | Place    | Note
-------+----------+-------------------------------------------
     0 | D:1      | Folque the Felid Summoner began the quest for the Orb.
     0 | D:1      | Reached XP level 1. HP: 7/7 MP: 4/4
   234 | D:1      | Reached XP level 2. HP: 9/12 MP: 6/6
   241 | D:1      | Learned a level 2 spell: Call Imp
   602 | D:1      | Reached skill level 1 in Fighting
  1058 | D:1      | Reached XP level 3. HP: 8/15 MP: 4/7
  1604 | D:2      | Noticed Jessica
  1612 | D:2      | Killed Jessica
  1612 | D:2      | Reached skill level 5 in Summonings
  1612 | D:2      | Reached XP level 4. HP: 10/19 MP: 0/9
  1696 | D:2      | Noticed Terence
  1729 | D:2      | Killed Terence
  1929 | D:2      | Noticed Natasha
  1938 | D:2      | Killed Natasha
  1944 | D:2      | Learned a level 4 spell: Summon Ice Beast
  1955 | D:2      | Noticed Natasha
  1958 | D:2      | Killed Natasha
  2268 | D:2      | Noticed Natasha
  2279 | D:2      | Killed from afar by a white imp
  2280 | D:2      | Reached XP level 3. HP: -4/15 MP: 5/8
  2313 | D:2      | Killed Natasha
  2313 | D:2      | Reached XP level 4. HP: 13/19 MP: 5/9
  2444 | D:3      | Reached skill level 1 in Ice Magic
  2820 | D:3      | Found an ornate altar of the Wu Jian Council.
  2924 | D:3      | Killed from afar by an orc priest

Skill      XL: |  1  2  3  4 |
---------------+-------------+-----
Fighting       | 1 |  1.0
Summonings     | 5 |  5.5
Spellcasting   | 3 |  3.0
Ice Magic      | 1 |  1.5
Dodging        | |  2.6
Stealth        | |  2.6

Action                   |  1- 3 |  4- 6 || total
-------------------------+-------+-------++-------
Melee: Unarmed           |    88 |    40 ||   128
       Bite              |     7 |     6 ||    13
 Cast: Summon Small Mamm |    18 |     5 ||    23
       Call Imp          |     9 |    23 ||    32
  Use: Scroll            |     1 |       ||     1
 Stab: Sleeping          |    11 |     7 ||    18
       Distracted        |       |     1 ||     1
  Eat: Chunk             |     9 |     9 ||    18
Armor: Skin              |     5 |     2 ||     7
Dodge: Dodged            |    78 |    34 ||   112
